 Dungeon Sprint DCSS version 0.27.1 (webtiles) character file.

Game seed: 8463347365522046088

19272 styxcanada the Ninja (level 12, -35/66 HPs)
             Began as a Spriggan Brigand on Aug 31, 2021.
             Was an Initiate of Gozag.
             Annihilated by a spriggan defender (47 damage)
             ... in the Dungeon (Sprint IV: "Fedhas' Mad Dash").
             The game lasted 00:24:07 (2802 turns).

styxcanada the Ninja (Spriggan Brigand)             Turns: 2802, Time: 00:24:08

Health: -35/66     AC: 11    Str: 14    XL:     12   Next: 35%
Magic:  19/21      EV: 34    Int: 14    God:    Gozag
Gold:   871        SH: 11    Dex: 28    Spells: 19/22 levels left

rFire    + + .     SeeInvis +   b - +5 dagger of the Unseen Realm {vorpal, Stlth+}
rCold    . . .     Faith    .   I - +1 buckler {AC+3}
rNeg     . . .     Spirit   .   u - +2 robe {rF+}
rPois    .         Reflect  .   q - +2 hat {Stlth+}
rElec    .         Harm     .   c - +1 cloak
rCorr    +         Rampage  .   (gloves unavailable)
Will     ++...     NoTele   +   (boots unavailable) Stlth **++++++++
                                H - amulet of Broken Luck {RegenMP +Blink rF+ Str+4 Dex+2}
HPRegen  0.21/turn              n - +6 ring of dexterity
MPRegen  0.42/turn              D - ring "Paziwk" {Wiz rCorr Str+3 Dex+2}

@: very quick
A: very small, no large weapons, unfitting armour, see invisible, speed 3,
clumsy 1
a: Renounce Religion, Evoke Blink, Potion Petition, Call Merchant, Bribe Branch


You were in the Dungeon.
You worshipped Gozag.
Gozag was pleased with you.
You visited 1 branch You collected 4472 gold pieces.
You spent 3601 gold pieces at shops.

Inventory:

Hand Weapons
 a - a +2 dagger
 b - the +5 dagger of the Unseen Realm (weapon) {vorpal, Stlth+}
   (You found it in the Dungeon)

   It inflicts extra damage upon your enemies.
   Stlth:     It makes you more stealthy.
 o - a +1 short sword of speed
 r - a +0 hunting sling
 t - a +2 quick blade
Missiles
 e - a curare-tipped dart
 j - 8 poisoned darts (quivered)
 s - 5 stones
Armour
 c - a +1 cloak (worn)
 q - a +2 hat of stealth (worn)
 u - a +2 robe of fire resistance (worn)
 I - a +1 buckler of protection (worn)
Jewellery
 l - the amulet of invisibility {+Inv}
   (You found it in the Dungeon)

   [amulet of nothing]

   +Inv:      It lets you turn invisible.
 m - a +6 ring of strength
 n - a +6 ring of dexterity (left hand)
 z - a ring of willpower
 D - the ring "Paziwk" (right hand) {Wiz rCorr Str+3 Dex+2}
   (You bought it in a shop in the Dungeon)

   [ring of wizardry]

   It improves your spell success rate.
   Str:       It affects your strength (+3).
   Dex:       It affects your dexterity (+2).
   rCorr:     It protects you from acid and corrosion.
 H - the amulet of Broken Luck (around neck) {RegenMP +Blink rF+ Str+4 Dex+2}
   (You found it in the Dungeon)

   [amulet of magic regeneration]

   It increases your rate of magic regeneration.
   Str:       It affects your strength (+4).
   Dex:       It affects your dexterity (+2).
   rF:        It protects you from fire.
   +Blink:    It lets you blink.
Wands
 G - a wand of digging (7)
Scrolls
 k - 2 scrolls of blinking
 w - 2 scrolls of enchant weapon
 x - a scroll of magic mapping
 y - a scroll of summoning
 B - 2 scrolls of silence
Potions
 f - 6 potions of curing
 g - a potion of heal wounds
 h - a potion of haste
 i - 2 potions of magic
 p - a potion of cancellation
 A - a potion of ambrosia
 F - a potion of brilliance


   Skills:
 * Level 9.3 Fighting
 + Level 9.9 Short Blades
 + Level 6.1 Throwing
 * Level 13.5 Dodging
 O Level 27 Stealth
 * Level 7.8 Shields
 * Level 5.6 Spellcasting
 * Level 4.4 Hexes
 * Level 2.9 Ice Magic
 * Level 16.1 Evocations


You had 19 spell levels left.
You knew the following spells:

 Your Spells              Type           Power      Damage    Failure   Level
a - Corona                Hex            17%        N/A       1%          1
b - Ensorcelled Hibernat  Hex/Ice        28%        N/A       2%          2

Your spell library contained the following spells:

 Spells                   Type           Power      Damage    Failure   Level
 Tukima's Dance           Hex            16%        N/A       3%          3
 Sublimation of Blood     Necr           1%         N/A       11%         2
 Petrify                  Tmut/Erth      3%         N/A       52%         4
 Irradiate                Conj/Tmut      1%         3d13      86%         5


Dungeon Overview and Level Annotations

Branches:
Dungeon (1/1)

Altars:
Cheibriados
Dithmenos
Elyvilon
Gozag
Hepliaklqana
Kikubaaqudgha
Makhleb
Nemelex Xobeh
Okawaru
Qazlal
Ru
Sif Muna
Trog
Uskayaw
Vehumet
Wu Jian
Xom
Yredelemnul
Zin
The Shining One
Beogh
Jiyva
Lugonu

Shops:
D !?=((*=[?*::*[![[=[=(


Innate Abilities, Weirdness & Mutations

You are very small and have problems with some larger weapons.
You are too small for most types of armour.
You have supernaturally acute eyesight. (SInv)
You cover ground extremely quickly. (Speed+++)
You are clumsy. (Dex -2)


Message History

Press: ? - help, Shift-Dir - straight line, f/p - spriggan defender
Aim: a spriggan defender, wielding a +2 rapier of protection, wearing a +0 robe and wearing a +0 buckler (lightly wounded, chance to affect: 0%)
The spriggan defender resists with almost no effort.
The spriggan defender misses you.
You hit the spriggan defender.
The spriggan defender is lightly wounded.
The moth of wrath goads the spriggan defender on!
The spriggan defender goes berserk!
The spriggan defender misses you.
You miss the spriggan defender.
The spriggan defender is lightly wounded.
The spriggan defender closely misses you.
You hit the spriggan defender.
The spriggan defender is lightly wounded.
The spriggan defender hits you with a +2 rapier of protection!!
* * * LOW HITPOINT WARNING * * *
You feel much better.
You block the spriggan defender's attack.
The spriggan defender barely misses you.
You block the moth of wrath's attack.
The spriggan defender hits you with a +2 rapier of protection!
You blink.
The moth of wrath completely misses you.
Your magical contamination has completely faded away.
There is an open door here.
Okay, then.
Casting: Ensorcelled Hibernation (safe; 2% risk of failure)
Confirm with . or Enter, or press ? or * to list all spells.
You can't see any susceptible monsters within range! (Use Z to cast anyway.)
Casting: Ensorcelled Hibernation (safe; 2% risk of failure)
Confirm with . or Enter, or press ? or * to list all spells.
Aiming: Corona (safe; 1% risk of failure)
Press: ? - help, Shift-Dir - straight line, f/p - spriggan defender
Aim: a spriggan defender, wielding a +2 rapier of protection, wearing a +0 robe and wearing a +0 buckler (lightly wounded, berserk, chance to affect: 0%)
The spriggan defender resists with almost no effort.
The spriggan defender hits you with a +2 rapier of protection!!
* * * LOW HITPOINT WARNING * * *
The spriggan defender hits you with a +2 rapier of protection!!!
Ouch! That really hurt!
You die...
Your body crumbles into a pile of gold.

....♣.)...∩.∩..[[#
################## ######
####### ..P∩∩###.....###
.....##...P.)'.#
P....'.....).###
#################
∩∩∩#............#########
∩.∩'............@i.iyi..#
∩∩∩#............#######.#
#######################.#
*,,*,,*,,♣..♣..♣..♣..♣..#
,,,,,,,,,............i..#
*,,*,,*,,♣..♣..♣..♣..♣..#
************##*##########
****,,,,******,,,,,,****
,,,,,,,,,,,,,,,,,,,,,,,**


You could see 2 spriggan defenders, a moth of wrath and a spriggan druid.

Vanquished Creatures
  Agnes (D)
  A ghost moth (D)
  A spriggan defender (D)
  2 spriggan berserkers (D)
  A spriggan druid (D)
  23 oklob plants (D)
  2 demonic crawlers (D)
  A queen bee (D)
  3 burning bushes (D)
  3 wandering mushrooms (D)
  6 hornets (D)
  4 scorpions (D)
  4 killer bees (D)
  5 oklob saplings (D)
  8 spriggans (D)
  A river rat (D)
  A rat (D)
  A ballistomycete spore (D)
68 creatures vanquished.

Vanquished Creatures (others)
  A ballistomycete spore (D)
1 creature vanquished.

Grand Total: 69 creatures vanquished

Notes
Turn   | Place    | Note
-------+----------+-------------------------------------------
     0 | D        | styxcanada the Spriggan Brigand began the quest for the
                  | Orb.
     0 | D        | Reached XP level 1. HP: 10/10 MP: 2/2
     9 | D        | Reached skill level 8 in Stealth
     9 | D        | Reached XP level 2. HP: 15/15 MP: 3/3
   116 | D        | Noticed an oklob sapling
   118 | D        | Killed an oklob sapling
   119 | D        | Reached skill level 10 in Stealth
   119 | D        | Reached XP level 3. HP: 18/18 MP: 4/4
   120 | D        | Noticed a scorpion
   120 | D        | Found the amulet of invisibility {+Inv}
   122 | D        | Killed a scorpion
   123 | D        | Reached skill level 12 in Stealth
   123 | D        | Reached XP level 4. HP: 23/23 MP: 5/5
   151 | D        | Found an opulent altar of Gozag.
   151 | D        | Found a hazy altar of Hepliaklqana.
   151 | D        | Found a burning altar of Makhleb.
   151 | D        | Found a sparkling altar of Nemelex Xobeh.
   151 | D        | Found a snail-covered altar of Cheibriados.
   151 | D        | Found a sacrificial altar of Ru.
   151 | D        | Found a shimmering blue altar of Sif Muna.
   151 | D        | Found a shimmering altar of Xom.
   151 | D        | Found a basalt altar of Yredelemnul.
   152 | D        | Found a viscous altar of Jiyva.
   152 | D        | Found a bloodstained altar of Trog.
   152 | D        | Found an ornate altar of the Wu Jian Council.
   153 | D        | Found an iron altar of Okawaru.
   153 | D        | Found a shadowy altar of Dithmenos.
   153 | D        | Found a glowing silver altar of Zin.
   154 | D        | Found an ancient bone altar of Kikubaaqudgha.
   154 | D        | Found a hide-covered altar of Uskayaw.
   155 | D        | Found a stormy altar of Qazlal.
   155 | D        | Found a white marble altar of Elyvilon.
   155 | D        | Found a glowing golden altar of the Shining One.
   156 | D        | Became a worshipper of Gozag Ym Sagoz the Greedy
   157 | D        | Found a corrupted altar of Lugonu.
   157 | D        | Found a radiant altar of Vehumet.
   161 | D        | Reached skill level 13 in Stealth
   161 | D        | Reached skill level 1 in Evocations
   161 | D        | Reached XP level 5. HP: 28/28 MP: 3/6
   219 | D        | Reached skill level 14 in Stealth
   224 | D        | Reached skill level 5 in Dodging
   224 | D        | Reached skill level 15 in Stealth
   271 | D        | Reached XP level 6. HP: 12/32 MP: 7/7
   512 | D        | Found Igeiruh's Distillery.
   512 | D        | Found Niroulof's Armour Emporium.
   519 | D        | Bought a potion of might for 44 gold pieces
   519 | D        | Bought a potion of curing for 33 gold pieces
   519 | D        | Bought a potion of heal wounds for 55 gold pieces
   625 | D        | Noticed a burning bush
   625 | D        | Noticed a wandering mushroom
   626 | D        | Noticed a wandering mushroom
   629 | D        | Killed a burning bush
   630 | D        | Reached skill level 17 in Stealth
   630 | D        | Reached skill level 1 in Shields
   630 | D        | Killed a wandering mushroom
   631 | D        | Reached skill level 18 in Stealth
   631 | D        | Reached skill level 5 in Evocations
   631 | D        | Reached XP level 7. HP: 38/38 MP: 5/8
   642 | D        | Killed a wandering mushroom
   643 | D        | Reached skill level 19 in Stealth
   658 | D        | Found Teciror's Antique Armour Emporium.
   658 | D        | Found Qakheacadd's Jewellery Shoppe.
   663 | D        | Identified the +5 morningstar of the Extremes {vamp, Contam
                  | rF+ Will++ Int+2}
   665 | D        | Bought a glowing hat for 147 gold pieces
   728 | D        | Reached XP level 8. HP: 42/42 MP: 6/9
   734 | D        | Noticed a queen bee
   752 | D        | Killed a queen bee
   753 | D        | Reached skill level 5 in Short Blades
   760 | D        | Reached skill level 5 in Fighting
   798 | D        | Gained mutation: You are clumsy. (Dex -2) [mutagenic glow]
  1060 | D        | Noticed an oklob plant
  1063 | D        | Killed an oklob plant
  1064 | D        | Reached skill level 20 in Stealth
  1227 | D        | Noticed a burning bush
  1230 | D        | Killed a burning bush
  1231 | D        | Reached XP level 9. HP: 48/48 MP: 7/10
  1311 | D        | Noticed a burning bush
  1311 | D        | Noticed an oklob plant
  1312 | D        | Noticed a wandering mushroom
  1326 | D        | Killed a burning bush
  1327 | D        | Reached skill level 21 in Stealth
  1333 | D        | Killed an oklob plant
  1337 | D        | Killed a wandering mushroom
  1407 | D        | Bought a +6 ring of dexterity for 760 gold pieces
  1463 | D        | Noticed a spriggan druid
  1465 | D        | Killed a spriggan druid
  1466 | D        | Reached skill level 22 in Stealth
  1466 | D        | Reached skill level 10 in Evocations
  1540 | D        | Noticed an oklob plant conjurer
  1541 | D        | Killed an oklob plant conjurer
  1542 | D        | Reached skill level 10 in Dodging
  1623 | D        | Noticed an oklob plant
  1623 | D        | Noticed an oklob plant summoner
  1624 | D        | Noticed an oklob plant shifter
  1628 | D        | Killed an oklob plant
  1629 | D        | Reached XP level 10. HP: 53/53 MP: 8/11
  1630 | D        | Killed an oklob plant summoner
  1633 | D        | Killed an oklob plant shifter
  1634 | D        | Reached skill level 5 in Shields
  1723 | D        | Noticed a spriggan rider
  1724 | D        | Found Tomutaibba's Jewellery Emporium.
  1774 | D        | Reached skill level 23 in Stealth
  1838 | D        | Found Deno's Weapon Shoppe.
  1860 | D        | Bought a +6 ring of strength for 702 gold pieces
  2042 | D        | Noticed Agnes
  2044 | D        | Found Rice's Armour Emporium.
  2044 | D        | Noticed a spriggan berserker
  2046 | D        | Found Ilaw's Antique Armour Shoppe.
  2048 | D        | Killed Agnes
  2052 | D        | Killed a spriggan berserker
  2053 | D        | Reached skill level 24 in Stealth
  2059 | D        | Noticed a spriggan defender
  2066 | D        | Killed a spriggan defender
  2067 | D        | Reached skill level 5 in Throwing
  2067 | D        | Reached XP level 11. HP: 60/60 MP: 10/12
  2075 | D        | Bought an embroidered robe for 96 gold pieces
  2143 | D        | Noticed a spriggan rider
  2151 | D        | Killed a spriggan rider
  2267 | D        | Noticed a ghost moth
  2268 | D        | Found Jukhliur's Jewellery Emporium.
  2268 | D        | Found Vuithoash's Magic Scroll Boutique.
  2268 | D        | Found Luossuw's Distillery.
  2274 | D        | Killed a ghost moth
  2275 | D        | Reached skill level 25 in Stealth
  2289 | D        | Bought a scroll of identify for 20 gold pieces
  2289 | D        | Bought a scroll of enchant weapon for 75 gold pieces
  2289 | D        | Bought a scroll of magic mapping for 35 gold pieces
  2290 | D        | Bought a potion of heal wounds for 70 gold pieces
  2290 | D        | Bought a potion of curing for 42 gold pieces
  2290 | D        | Bought a potion of curing for 42 gold pieces
  2334 | D        | Noticed an oklob plant shifter
  2334 | D        | Noticed an oklob plant meteorologist
  2338 | D        | Killed an oklob plant meteorologist
  2339 | D        | Reached skill level 1 in Spellcasting
  2346 | D        | Killed an oklob plant shifter
  2395 | D        | Noticed a spriggan rider
  2401 | D        | Killed a spriggan rider
  2451 | D        | Found Tylaips's Antique Weapon Shoppe.
  2451 | D        | Found Itophium's Assorted Antiques.
  2451 | D        | Found Oclauwod's Antique Weapon Shop.
  2451 | D        | Found Ytzowim's Antique Armour Emporium.
  2451 | D        | Found Onul's Jewellery Shoppe.
  2452 | D        | Found Xireniq's General Store.
  2452 | D        | Found Rippucim's Book Shop.
  2452 | D        | Found Fechethri's Magic Scroll Boutique.
  2466 | D        | Bought a scroll of enchant weapon for 75 gold pieces
  2466 | D        | Bought a scroll of summoning for 95 gold pieces
  2466 | D        | Bought a scroll of magic mapping for 35 gold pieces
  2468 | D        | Bought a book of Maledictions for 198 gold pieces
  2470 | D        | Bought a diamond ring for 115 gold pieces
  2470 | D        | Bought a fizzy amethyst potion for 20 gold pieces
  2470 | D        | Bought 2 scrolls labelled NIGOSE TEHE for 46 gold pieces
  2471 | D        | Bought a glowing dagger for 125 gold pieces
  2473 | D        | Bought the ring "Paziwk" {Wiz rCorr Str+3 Dex+2} for 584
                  | gold pieces
  2483 | D        | Learned a level 1 spell: Corona
  2486 | D        | Learned a level 2 spell: Ensorcelled Hibernation
  2496 | D        | Bought a scroll of identify for 20 gold pieces
  2496 | D        | Bought a scroll of identify for 20 gold pieces
  2496 | D        | Bought a scroll of identify for 20 gold pieces
  2496 | D        | Bought a scroll of identify for 20 gold pieces
  2511 | D        | Noticed an oklob plant summoner
  2512 | D        | Found Hileuba's Book Emporium.
  2513 | D        | Found Vures's Assorted Antiques.
  2518 | D        | Killed an oklob plant summoner
  2525 | D        | Bought a glowing orange potion for 19 gold pieces
  2525 | D        | Bought a glass wand for 88 gold pieces
  2587 | D        | Noticed an oklob plant demonologist
  2587 | D        | Noticed an oklob plant annihilator
  2588 | D        | Noticed a spriggan berserker
  2594 | D        | Killed an oklob plant annihilator
  2595 | D        | Reached skill level 26 in Stealth
  2595 | D        | Reached skill level 1 in Hexes
  2596 | D        | Killed a spriggan berserker
  2597 | D        | Reached skill level 1 in Ice Magic
  2597 | D        | Reached skill level 15 in Evocations
  2597 | D        | Killed an oklob plant demonologist
  2603 | D        | Identified the amulet of Broken Luck {RegenMP +Blink rF+
                  | Str+4 Dex+2}
  2632 | D        | Identified the +5 dagger of the Unseen Realm {vorpal,
                  | Stlth+}
  2686 | D        | Noticed an oklob plant
  2686 | D        | Noticed an oklob plant
  2686 | D        | Noticed an oklob plant
  2686 | D        | Noticed an oklob plant
  2686 | D        | Noticed an oklob plant
  2686 | D        | Noticed an oklob plant
  2687 | D        | Noticed an oklob plant
  2688 | D        | Killed an oklob plant
  2689 | D        | Noticed an oklob plant
  2690 | D        | Killed an oklob plant
  2691 | D        | Reached XP level 12. HP: 65/65 MP: 15/19
  2703 | D        | Reached skill level 27 in Stealth
  2703 | D        | Reached skill level 5 in Spellcasting
  2775 | D        | Noticed a spriggan defender
  2775 | D        | Noticed a spriggan defender
  2802 | D        | Annihilated by a spriggan defender

Illustrated notes

Levels and vault maps discovered:
D:        dungeon_sprint_fedhas [sprint_temple]

Skill      XL: |  1  2  3  4  5  6  7  8  9 10 11 12 |
---------------+-------------------------------------+-----
Dodging        | 2 3 4 5 7 8 10 11 13 | 13.5
Stealth        | 8 10 12 13 15 18 19 20 22 24 26 27 | 27.0
Fighting       | 2 3 4 5 6 7 8 9 |  9.3
Short Blades   | 3 4 6 7 8 9 |  9.9
Evocations     | 1 3 5 6 8 10 13 15 16 | 16.1
Throwing       | 3 4 5 6 |  6.1
Shields        | 2 3 4 6 7 |  7.8
Spellcasting   | 4 5 |  5.6
Hexes          | 2 4 |  4.4
Ice Magic      | 1 2 |  2.9

Action                   |  1- 3 |  4- 6 |  7- 9 | 10-12 || total
-------------------------+-------+-------+-------+-------++-------
Melee: Dagger            |     4 |     6 |     9 |    16 ||    35
       Short sword       |       |       |    56 |    92 ||   148
       Quick blade       |       |       |       |     4 ||     4
Throw: Dart              |       |    10 |       |    15 ||    25
       Stone             |       |       |       |     2 ||     2
 Cast: Ensorcelled Hiber |       |       |       |     2 ||     2
       Corona            |       |       |       |     1 ||     1
 Abil: Evoke Invisibilit |       |     3 |     8 |     9 ||    20
       Evoke Blink       |       |       |       |     1 ||     1
  Use: Potion            |       |     1 |     1 |     3 ||     5
       Scroll            |       |       |       |     9 ||     9
 Stab: Sleeping          |     4 |     3 |     7 |    31 ||    45
       Invisible         |       |     2 |    13 |     1 ||    16
Armor: Robe              |       |       |     1 |       ||     1
       Skin              |       |       |       |     9 ||     9
Dodge: Dodged            |       |     9 |    55 |    31 ||    95
Block: Buckler           |       |       |    19 |    18 ||    37
